 Dungeon Crawl Stone Soup version 0.28.0-53-g5a82cb258f (webtiles) character file.

Game seed: 3249131739389892384

2649 funkygono the Cleaver (level 9, -1/79 HPs)
             Began as a Minotaur Fighter on June 29, 2022.
             Was a Follower of Okawaru.
             Slain by a white ugly thing (21 damage)
             ... on level 11 of the Dungeon.
             The game lasted 00:12:33 (6740 turns).

funkygono the Cleaver (Minotaur Fighter)            Turns: 6740, Time: 00:12:34

Health: -1/79      AC: 16    Str: 25    XL:     9   Next: 36%
Magic:  17/17      EV:  7    Int:  5    God:    Okawaru [*.....]
Gold:   464        SH:  5    Dex: 10    Spells: 8/8 levels left

rFire   + . .      SeeInvis +   h - +10 war axe of the Coward {holy, rF+ MP+9 SInv}
rCold   . . .      Faith    .   c - +0 buckler
rNeg    . . .      Spirit   .   q - +0 plate armour
rPois   .          Reflect  .   z - +0 hat
rElec   .          Harm     .   G - +0 cloak
rCorr   .          Rampage  .   m - +0 pair of gloves
Will    .....                   (no boots)
Stlth   ..........              A - amulet of the acrobat
HPRegen 0.23/turn               (no ring)
MPRegen 0.15/turn               (no ring)

@: no status effects
A: horns 2, retaliatory headbutt
a: Renounce Religion, Heroism


You were on level 11 of the Dungeon.
You worshipped Okawaru.
Okawaru was aware of your devotion.
You visited 2 branches of the dungeon, and saw 10 of its levels.

You collected 464 gold pieces.

Inventory:

Hand Weapons
 a - a +0 long sword
 h - the +10 war axe of the Coward (weapon) {holy, rF+ MP+9 SInv}
   (You found it on level 2 of the Dungeon)

   It has been blessed by the Shining One to cause great damage to the undead
   and demons.
   rF:        It protects you from fire.
   MP:        It affects your magic capacity (+9).
   SInv:      It lets you see invisible.
 o - a +1 spectral club
 F - a +3 quarterstaff of chaos
 H - a +2 mace of holy wrath
Missiles
 f - 21 poisoned darts (quivered)
Armour
 c - a +0 buckler (worn)
 e - a +0 chain mail
 m - a +0 pair of gloves (worn)
 p - a +3 leather armour of poison resistance
 q - a +0 plate armour (worn)
 w - a +2 robe of fire resistance
 z - a +0 hat (worn)
 G - a +0 cloak (worn)
Magical Staves
 C - a staff of air
Jewellery
 A - an amulet of the acrobat (around neck)
 I - a ring of poison resistance
Wands
 i - a wand of digging (15)
 l - a wand of iceblast (18)
 v - a wand of flame (16)
 D - a wand of polymorph (11)
Scrolls
 n - a scroll of holy word
 s - 3 scrolls of summoning
 y - a scroll of magic mapping
 E - 3 scrolls of fog
 J - a scroll of teleportation
 K - a scroll of enchant armour {unknown}
 L - a scroll of brand weapon {unknown}
Potions
 b - a potion of resistance
 d - a potion of might
 g - 7 potions of curing
 j - 3 potions of haste
 k - 2 potions of flight
 r - 4 potions of heal wounds
 t - 2 potions of brilliance
 u - a potion of lignification {unknown}
 x - a potion of ambrosia {unknown}
 B - 3 potions of berserk rage {unknown}


   Skills:
 + Level 7.1 Fighting
 + Level 3.9 Long Blades
 + Level 10.8 Axes
 + Level 7.8 Armour
 + Level 1.7 Dodging
 + Level 0.6 Stealth
 + Level 5.2 Shields


You had 8 spell levels left.
You didn't know any spells.
Your spell library contained the following spells:

 Spells                   Type           Power      Damage    Failure   Level
 Magic Dart               Conj           0%         1d3       100%        1
 Blink                    Tloc           0%         N/A       100%        2
 Searing Ray              Conj           0%         2d4       100%        2
 Dazzling Flash           Conj/Hex       0%         N/A       100%        3
 Ozocubu's Armour         Ice            0%         N/A       100%        3
 Portal Projectile        Hex/Tloc       0%         N/A       100%        3
 Stone Arrow              Conj/Erth      0%         3d7       100%        3
 Fulminant Prism          Conj/Hex       0%         3d6       100%        4
 Hailstorm                Conj/Ice       0%         3d3       100%        4
 Iskenderun's Mystic Bla  Conj/Tloc      0%         2d3       100%        4
 Passage of Golubria      Tloc           0%         N/A       100%        4
 Manifold Assault         Tloc           0%         N/A       100%        5
 Metabolic Englaciation   Hex/Ice        0%         N/A       100%        5
 Storm Form               Tmut/Air       0%         N/A       100%        7
 Discord                  Hex            0%         N/A       100%        8
 Simulacrum               Ice/Necr       Unusable   N/A       N/A         6

Dungeon Overview and Level Annotations

Branches:
Dungeon (8/15)             Temple (1/1) D:6
   Lair: D:8-11

Altars:
Ashenzari
Cheibriados
Elyvilon
Fedhas
Gozag
Hepliaklqana
Makhleb
Nemelex Xobeh
Okawaru
Qazlal
Ru
Sif Muna
Trog
Uskayaw
Wu Jian
Xom
Yredelemnul
Zin
The Shining One

Shops:
D:8 !

Portals:
Gauntlet: D:11


Innate Abilities, Weirdness & Mutations

You have a pair of horns on your head.
You reflexively headbutt those who attack you in melee.


Message History

Okawaru accepts your kill.
Items here: ))) [.
Things that are here:
a +0 dagger; a +0 robe; an orc corpse A sourceless malevolence fills the Dungeon...
You fall into a shaft and drop 3 floors!
The shaft crumbles and collapses.
You hear a distant snort.
Hark!
There is a gateway to a gauntlet on this level.
Find the entrance quickly before the gate is sealed!
Found a wand of polymorph (1).
D - a wand of polymorph (11) (gained 1 charge)
A white ugly thing and a centaur warrior zombie come into view.
Found a wand of flame (3).
Found a gate leading to a gauntlet.
You slice the centaur warrior zombie!!
The centaur warrior zombie convulses!
You headbutt the centaur warrior zombie!
The centaur warrior zombie is heavily damaged.
The centaur warrior zombie hits you but does no damage.
The centaur warrior zombie kicks you but does no damage.
You slash the white ugly thing!
The white ugly thing is lightly wounded.
You hit the white ugly thing.
Your headbutt misses the white ugly thing.
The white ugly thing is lightly wounded.
The white ugly thing kicks you but does no damage.
You hit the white ugly thing.
Your headbutt misses the white ugly thing.
The white ugly thing is moderately wounded.
The white ugly thing kicks you but does no damage.
You hit the white ugly thing.
The white ugly thing is moderately wounded.
The white ugly thing kicks you. The white ugly thing freezes you!
You hit the white ugly thing. You headbutt the white ugly thing!
The white ugly thing is moderately wounded.
The white ugly thing kicks you. The white ugly thing freezes you!!
You barely miss the white ugly thing.
The white ugly thing is moderately wounded.
The white ugly thing kicks you.
* * * LOW HITPOINT WARNING * * *
The white ugly thing freezes you!!
You die...

# ## ..
.## ... ..
.... .#
###..###.#
##
.........#
.. #..u##
.#
##.#@###.#
#.##...#
#. ##.##
#. ### #/
#∩ #.


You could see a white ugly thing.

Vanquished Creatures
  Grinder (D:3)
  A wraith (D:6)
  Duvessa (D:7)
  2 orc warriors
  The ghost of diceflayer the Skirmisher, an amateur NaFi (D:3)
  2 ice beasts
  2 ogres (D:5)
  A sky beast (D:5)
  A black bear (D:6)
  2 centaurs
  2 kobold brigands
  Dowan (D:7)
  4 howler monkeys
  2 bullfrog zombies
  4 orc priests
  A hound (D:6)
  A jelly (D:4)
  Crazy Yiuf (D:7)
  2 bullfrog skeletons
  A gnoll shaman (D:7)
  Jessica (D:2)
  Ijyb (D:4)
  Natasha (thrice) (D:4)
  4 orc wizards
  2 killer bee zombies
  Robin (D:4)
  9 gnolls
  2 adders
  A shadow imp (D:6)
  2 worms
  2 dart slugs
  20 orcs
  5 endoplasms
  3 giant cockroaches
  15 goblins
  15 hobgoblins
  2 jackals (D:4)
  14 kobolds
  A quokka (D:5)
  10 ball pythons
  5 bats
  2 frilled lizards (D:2)
  3 rats (D:3)
156 creatures vanquished.

Vanquished Creatures (others)
  A kobold (D:3)
  5 fungi (D:7)
6 creatures vanquished.

Grand Total: 162 creatures vanquished

Notes
Turn   | Place    | Note
-------+----------+-------------------------------------------
     0 | D:1      | funkygono the Minotaur Fighter began the quest for the Orb.
     0 | D:1      | Reached XP level 1. HP: 19/19 MP: 0/0
   299 | D:1      | Reached XP level 2. HP: 27/27 MP: 1/1
   609 | D:1      | Found a faded altar of an unknown god.
   873 | D:2      | Noticed Jessica
   879 | D:2      | Killed Jessica
   880 | D:2      | Reached XP level 3. HP: 30/34 MP: 2/2
   963 | D:2      | Identified the +10 war axe of the Coward {holy, rF+ MP+9
                  | SInv}
  1299 | D:2      | Reached XP level 4. HP: 41/41 MP: 3/3
  1671 | D:3      | Found a runed translucent gate.
  1671 | D:3      | Found a runed translucent gate.
  1672 | D:3      | Found a runed translucent gate.
  1673 | D:3      | Noticed a kobold brigand
  1674 | D:3      | Noticed diceflayer's ghost (amateur NaFi)
  1759 | D:3      | Found a faded altar of an unknown god.
  1763 | D:3      | Found a sparkling altar of Nemelex Xobeh.
  1880 | D:3      | Noticed Grinder
  1884 | D:3      | Killed Grinder
  1885 | D:3      | Reached skill level 3 in Axes
  1885 | D:3      | Reached skill level 5 in Armour
  1885 | D:3      | Reached XP level 5. HP: 47/47 MP: 4/4
  1885 | D:3      | Reached XP level 6. HP: 55/55 MP: 5/5
  1910 | D:3      | Reached skill level 5 in Fighting
  2346 | D:3      | Killed diceflayer's ghost
  2347 | D:3      | Reached skill level 4 in Axes
  2350 | D:3      | Reached XP level 7. HP: 48/61 MP: 6/6
  2586 | D:4      | Noticed Robin
  2596 | D:4      | Killed Robin
  2597 | D:4      | Reached skill level 5 in Axes
  2735 | D:4      | Noticed Ijyb
  2744 | D:4      | Killed Ijyb
  2991 | D:4      | Noticed Natasha
  2998 | D:4      | Killed Natasha
  3022 | D:4      | Reached skill level 6 in Axes
  3186 | D:4      | Noticed Natasha
  3192 | D:4      | Killed Natasha
  3436 | D:4      | Noticed Natasha
  3447 | D:4      | Killed Natasha
  3522 | D:5      | Entered Level 5 of the Dungeon
  3540 | D:5      | Reached skill level 7 in Axes
  3784 | D:5      | Found a hazy altar of Hepliaklqana.
  3819 | D:5      | Reached XP level 8. HP: 70/70 MP: 7/7
  3933 | D:5      | Reached skill level 8 in Axes
  4303 | D:5      | Reached skill level 1 in Dodging
  4489 | D:6      | Reached skill level 5 in Shields
  4495 | D:6      | Reached skill level 9 in Axes
  4581 | D:6      | Found a staircase to the Ecumenical Temple.
  4602 | Temple   | Entered the Ecumenical Temple
  4649 | Temple   | Became a worshipper of Warmaster Okawaru
  4876 | D:6      | Got the Guide on Spatial Malediction
  4920 | D:6      | Found a snail-covered altar of Cheibriados.
  5065 | D:6      | Reached skill level 10 in Axes
  5142 | D:6      | Reached XP level 9. HP: 78/78 MP: 8/8
  5519 | D:7      | Got the Volume of Excruciating Ice
  5543 | D:7      | Noticed Duvessa
  5543 | D:7      | Noticed Dowan
  5546 | D:7      | Killed Dowan
  5553 | D:7      | Killed Duvessa
  5839 | D:7      | Reached * piety under Okawaru
  6220 | D:7      | Found a runed translucent door.
  6221 | D:7      | Noticed Crazy Yiuf
  6228 | D:7      | Killed Crazy Yiuf
  6330 | D:8      | Found Jatos's Distillery.
  6728 | D:8      | You fall into a shaft and drop 3 floors!
  6732 | D:11     | Found a gate leading to a gauntlet.
  6732 | D:11     | Noticed a white ugly thing
  6740 | D:11     | Slain by a white ugly thing

Illustrated notes

Levels and vault maps discovered:
D:1:      dpeg_arrival_tiny_a, layout_loops_ring, basic_ecumenical_altar
D:2:      layout_loops_cross, uniq_jessica
D:3:      layout_loops_ring, nicolae_overflow_ecumenical_swirl,
          gammafunk_ghost_nasty_kobolds, uniq_grinder
D:4:      layout_rooms, uniq_natasha, uniq_ijyb, uniq_robin
D:5:      layout_gridville, nicolae_hepliaklqana_hazy_memory,
          kennysheep_opposing_triangles
D:6:      layout_basic, mainiacjoe_overflow_brackets,
          minmay_temple_entry_overgrown, minmay_misc_feat_ornament
D:7:      layout_gridville, uniq_duvessa, uniq_crazy_yiuf_cottage
D:8:      layout_basic, serial_shops, nicolae_shop_hallway_stairs
D:11:     layout_loops_ring, david_lair_generic, gauntlet_entry_generic,
          uniq_sonja
Temple:   kb_temple_of_zot

Skill      XL: |  1  2  3  4  5  6  7  8  9 |
---------------+----------------------------+-----
Armour         | 4 5 6 7 |  7.8
Fighting       | 4 5 6 7 |  7.1
Shields        | 4 5 |  5.2
Long Blades    | 3 |  3.9
Axes           | 3 4 7 10 | 10.8
Dodging        | 1 |  1.7
Stealth        | |  0.6

Action                   |  1- 3 |  4- 6 |  7- 9 || total
-------------------------+-------+-------+-------++-------
Melee: Long sword        |    42 |       |       ||    42
       Headbutt          |     4 |     4 |    34 ||    42
       War axe           |    13 |    38 |   193 ||   244
  Use: Scroll            |       |     3 |    12 ||    15
Armor: Scale mail        |     2 |       |       ||     2
       Chain mail        |    24 |    26 |    25 ||    75
       Plate armour      |       |       |    87 ||    87
Dodge: Dodged            |    19 |     6 |    47 ||    72
Block: Buckler           |    15 |    10 |    42 ||    67
